AoeStats
← bkg45

Highland

506200019Analyzed
4v4 RM · 20d ago on Sep 12, 2026· 35m 22s· 8 players
Game mode
Random Map
Map size
Large (8 player)
Population
200
Speed
Normal
Resources
Standard
Victory
Conquest
Starting age
Dark Age
Ending age
Imperial Age
RankedLock teamsTeams togetherTeam positionsShared explorationLock speedFull tech treeHidden civsTurbo modeCheats
Victory
Defeat
🇷🇺 Aztecs · Russia
1326
+15
🇺🇸 Romans · United States
1323
+15
🇺🇸 Burmese · United States
1309
+16
🇸🇪 Lithuanians · Sweden
1303
+16
🇨🇱 Koreans · Chile
1366
-17
🇧🇪 Ethiopians · Belgium
1313
-16
🇧🇪 Vietnamese · Belgium
1287
-15
🇧🇪 Maya · Belgium
1272
-14
arkosta
10:50 Feudal Age
11:09 Loom
12:52 Horse Collar
15:26 Castle Age
13:52 Double-Bit Axe
23:25 Wheelbarrow
22:36 Town Watch
23:33 Eagle Warrior
24:42 Bow Saw
26:59 Squires
26:45 Gambesons
26:47 Arson
27:26 Forging
27:40 Hand Cart
27:25 Town Patrol
29:00 Iron Casting
28:25 Scale Mail Armor
32:43 Imperial Age
30:53 Chain Mail Armor
31:28 Gold Mining
34:47 Blast Furnace
35:46 Plate Mail Armor
nprhino_aoe
9:07 Loom
11:24 Feudal Age
15:26 Castle Age
14:39 Double-Bit Axe
16:56 Horse Collar
21:20 Heavy Plow
24:30 Wheelbarrow
23:41 Town Watch
24:21 Gold Mining
24:34 Stone Mining
30:55 Imperial Age
29:09 Scale Mail Armor
28:59 Man-at-Arms
29:39 Squires
29:51 Forging
30:22 Ballistics
29:47 Long Swordsman
31:02 Long Swordsman
31:58 Chain Mail Armor
32:18 Iron Casting
33:01 Legionary
35:18 Blast Furnace
scarabe
10:03 Feudal Age
8:19 Loom
10:38 Double-Bit Axe
10:43 Horse Collar
22:51 Castle Age
20:52 Fletching
22:19 Town Watch
24:36 Scale Barding Armor
24:46 Forging
24:54 Heavy Plow
25:06 Bow Saw
28:20 Iron Casting
36:30 Imperial Age
35:07 Gold Mining
bkg45
9:27 Loom
11:44 Feudal Age
16:17 Castle Age
19:22 Padded Archer Armor
24:28 Medium Warships
28:20 Bloodlines
30:00 Wheelbarrow
30:19 Husbandry
33:49 Ballistics
fuzzzy83
0:27 Loom
10:44 Feudal Age
14:52 Castle Age
14:26 Double-Bit Axe
16:07 Forging
15:57 Scale Mail Armor
16:05 Squires
18:31 Horse Collar
21:36 Eagle Warrior
26:12 Wheelbarrow
28:19 Hand Cart
28:22 Arson
29:56 Chain Mail Armor
31:16 Iron Casting
36:11 Imperial Age
34:22 Gold Mining
Arrille
7:49 Loom
10:15 Feudal Age
11:21 Man-at-Arms
13:48 Fletching
16:29 Arson
Canderous Ordo
8:03 Loom
10:47 Feudal Age
11:26 Double-Bit Axe
11:23 Horse Collar
18:37 Gold Mining
18:42 Fishing Lines
21:09 Castle Age
22:22 Bow Saw
22:17 Heavy Plow
23:14 Wheelbarrow
23:27 Fletching
25:06 Bodkin Arrow
26:51 Ballistics
26:08 Crossbowman
27:48 Thumb Ring
28:06 Town Watch
29:14 Hand Cart
30:30 Gold Shaft Mining
29:48 Stone Mining
34:16 Padded Archer Armor
Diegote
7:14 Loom
10:09 Feudal Age
11:28 Double-Bit Axe
13:01 Fletching
20:45 Castle Age
19:12 Horse Collar
34:20 Gold Mining
35:51 Wheelbarrow
Connection lost

Rejoining the realm…

Still unreachable

The connection could not be restored.

Session expired

The server has moved on; the page needs a fresh start.